 Dungeon Crawl Stone Soup version 0.32-a0-898-g7811c86cf0 (webtiles) character file.

Game seed: 5354377073201673649

192 Biggs the Shooter (level 5, -2/38 HPs)
             Began as a Coglin Hunter on Apr 5, 2024.
             Slain by a gnoll
             ... wielding a +2 whip of electrocution
             ... led by a gnoll bouda
              (18 damage)
             ... on level 3 of the Dungeon.
             The game lasted 00:04:12 (2179 turns).

Biggs the Shooter (Coglin Hunter)                   Turns: 2179, Time: 00:04:13

Health: -2/38      AC:  5    Str: 11    XL:     5   Next: 71%
Magic:  5/5        EV: 11    Int:  9    God:
Gold:   298        SH:  0    Dex: 19    Spells: 4/4 levels left

rFire   . . .        a - +2 sling {Yae}
rCold   . . .        d - +0 sling {Zolin}
rNeg    . . .        c - +0 leather armour
rPois   .            (no helmet)
rElec   .            n - +0 cloak
rCorr   .            (no gloves)
SInv    .            i - +0 pair of boots
Will    .....        (amulet unavailable)
Stlth   ++           (ring unavailable)
HPRegen 0.26/turn    (ring unavailable)
MPRegen 0.09/turn    (no gizmo)

%: no passive effects
@: no status effects
A: off-hand wielding, slow wielding, warmup strikes, no jewellery
a: Invent Gizmo


You were on level 3 of the Dungeon.
You visited 1 branch of the dungeon, and saw 4 of its levels.

You collected 298 gold pieces.

Inventory:

Hand Weapons
 a - a +2 sling (weapon) {Yae}
 d - a +0 sling (offhand) {Zolin}
Missiles
 l - a throwing net
Armour
 c - a +0 leather armour (worn)
 i - a +0 pair of boots (worn)
 n - a +0 cloak (worn)
Scrolls
 b - a scroll of butterflies
 f - a scroll of enchant armour
 g - a scroll of torment
 h - a scroll of revelation
 j - a scroll of acquirement {unknown}
 m - 2 scrolls of fog {unknown}
 o - a scroll of immolation {unknown}
 p - a scroll of enchant weapon {unknown}
 q - a scroll of brand weapon {unknown}
 s - a scroll of vulnerability {unknown}
 v - a scroll of noise {unknown}
 w - a scroll of fear {unknown}
 x - a scroll of teleportation {unknown}
Potions
 k - 2 potions of might {unknown}
 r - 2 potions of berserk rage {unknown}
 t - 2 potions of attraction {unknown}
 u - 3 potions of heal wounds {unknown}


   Skills:
 - Level 2.0 Fighting
 + Level 6.2 Ranged Weapons
 - Level 1.7 Dodging
 - Level 0.7 Stealth


You had 4 spell levels left.
You didn't know any spells.
Your spell library contained the following spells:

 Spells                   Type           Power      Damage    Failure   Level
 Slow                     Hex            0%         N/A       47%         1
 Confusing Touch          Hex            0%         N/A       85%         3
 Frozen Ramparts          Ice            0%         1d1       85%         3
 Ozocubu's Armour         Ice            0%         N/A       85%         3
 Vampiric Draining        Necr           0%         2d6       85%         3
 Cause Fear               Hex            0%         N/A       99%         4
 Fireball                 Conj/Fire      0%         3d3       100%        5
 Metabolic Englaciation   Hex/Ice        0%         N/A       100%        5
 Dragon's Call            Summ           0%         N/A       100%        9


Dungeon Overview and Level Annotations

Branches:
Dungeon (4/15)
 Temple: D:4-7

Altars:

Shops:
D:1 [*


Innate Abilities, Weirdness & Mutations

You can wield a second weapon in your off-hand.
It takes a long time for you to wield or remove held weapons.
Your first few attacks do less damage.
You cannot equip rings or amulets.


Message History

There is a stone staircase leading up here.
Done exploring.
You climb upwards.
There is a stone staircase leading down here.
Things that are here:
a +0 leather armour; a +0 dagger
There is a stone staircase leading down here.
As you read the scroll labelled OFEULU BIHEEGU, it crumbles to dust.
It is a scroll of identify.
f - a scroll of enchant armour
As you read the scroll of identify, it crumbles to dust.
g - a scroll of torment
As you read the scroll of identify, it crumbles to dust.
h - a scroll of revelation
Okay, then.
You climb downwards.
The orc wizard shouts!
The gnoll bouda shouts!
The gnoll shouts! x2
The orc wizard casts a spell.
The orc wizard flickers and vanishes!
Deactivating autopickup; reactivate with Ctrl-A.
An orc priest comes into view. It is wielding a +0 whip.
The quokka bites you but does no damage.
The gnoll bouda hits you with a +0 club.
There is a stone staircase leading up, spattered with blood here.
The quokka misses you.
The gnoll hits you with a +2 whip of electrocution!
The gnoll bouda barks out a call to the hunt!
The gnolls pick up the pace!
The gnoll hits you with a +0 whip. The quokka bites you.
You hear a shout!
The orc priest shouts, "Beogh offers mercy even to people such as you.
Join us and be reborn!" (press Y on the ability menu to convert to Beogh)
You climb upwards.
Reactivating autopickup.
There is a stone staircase leading down here.
Unknown command.
The gnoll attacks as it pursues you!
The gnoll hits you with a +2 whip of electrocution.
You are electrocuted!!
You die...

#...######### #.#
###....#.[..# #.#
#..#.#.##.# ###.#
##..#.#.##.# #...#
##........#.######.###
#.......###.##.....#
#.....#.###.##.#####
#.....#..#.....#
#####.....##..gr@###
.......#######.g.#
######### ###).g####
........# #........#
.......)# #........#
........# #........#
........# #.)......#
........# #........#
........# #........#


You could see a gnoll bouda, 2 gnolls and a quokka.

Vanquished Creatures
  A phantom (D:4)
  A gnoll (D:3)
  An adder (D:4)
  4 dart slugs
  A ribbon worm (D:4)
  8 orcs
  5 ball pythons
  10 endoplasms
  11 goblins
  5 hobgoblins
  5 jackals
  5 kobolds
  A quokka (D:4)
  10 bats
  4 frilled lizards
  5 rats
77 creatures vanquished.

Notes
Turn   | Place    | Note
-------+----------+-------------------------------------------
     0 | D:1      | Biggs the Coglin Hunter began the quest for the Orb.
     0 | D:1      | Reached XP level 1. HP: 16/16 MP: 1/1
    59 | D:1      | Reached skill level 4 in Ranged Weapons
    59 | D:1      | Reached XP level 2. HP: 20/22 MP: 2/2
   149 | D:1      | Reached XP level 3. HP: 27/27 MP: 3/3
   185 | D:1      | Found Aklycris's Armour Shoppe.
   252 | D:1      | Found Axoce's Assorted Antiques.
   431 | D:1      | Found a faded altar of an unknown god.
  1262 | D:3      | Reached skill level 5 in Ranged Weapons
  1262 | D:3      | Reached XP level 4. HP: 33/33 MP: 4/4
  1905 | D:4      | Noticed a phantom
  1911 | D:4      | Killed a phantom
  1912 | D:4      | Reached skill level 6 in Ranged Weapons
  1912 | D:4      | Reached XP level 5. HP: 38/38 MP: 5/5
  2179 | D:3      | Slain by a gnoll

Illustrated notes

Levels and vault maps discovered:
D:1:      saegor_arrival_simple_c, layout_rooms,
          shapermc_ecumenical_altar_acropolis, serial_shops,
          nicolae_shop_tiny_waterfront, nicolae_diamond_shop,
          serial_bayou_crossing
D:2:      kb_forest_paths, layout_basic
D:3:      layout_basic, roderic_batcave
D:4:      kennysheep_six_static_rooms, layout_layer_cave, lemuel_round_altar

Skill      XL: |  1  2  3  4 |
---------------+-------------+-----
Ranged Weapons | 4 5 6 |  6.2
Fighting       | |  2.0
Dodging        | |  1.7
Stealth        | |  0.7

Action                     |  1- 3 |  4- 6 || total
---------------------------+-------+-------++-------
   Fire: Sling             |   160 |   144 ||   304
    Use: Scroll            |       |     3 ||     3
 Armour: Leather armour    |     9 |    17 ||    26
  Dodge: Dodged            |     4 |    13 ||    17

Table legend: (Time is in decaauts)
 A = Elapsed time spent in this place.
 B = Non-inter-level travel time spent in this place.
 C = Inter-level travel time spent in this place.
 D = Time resting spent in this place.
 E = Time spent auto-exploring this place.
 F = Levels seen in this place.
 G = Mean time per level.
                   A        B        C        D        E       F      G
               +--------+--------+--------+--------+--------+-----+--------+
         Total |   2221 |   1937 |    284 |      0 |   1592 |   4 |  555.2 |
       Dungeon |   2221 |   1937 |    284 |      0 |   1592 |   4 |  555.2 |
               +--------+--------+--------+--------+--------+-----+--------+

Top non-repeatable levels by time:
     D:2: 747 daAuts
     D:3: 586 daAuts
     D:1: 468 daAuts
     D:4: 418 daAuts
